AoeStats
← Alemdar

Four Lakes

510115587Analyzed
1v1 RM · 4d ago on Sep 29, 2026· 65m 0s· 2 players
Game mode
Random Map
Map size
Tiny (2 player)
Population
200
Speed
Normal
Resources
Standard
Victory
Conquest
Starting age
Dark Age
Ending age
Imperial Age
RankedLock teamsTeams togetherTeam positionsShared explorationLock speedFull tech treeHidden civsTurbo modeCheats
Victory
Defeat
🇱🇧 Bengalis · Lebanon
1464
+15
🇹🇷 Magyars · Türkiye
1446
-15
Alemdar
7:23 Loom
10:05 Feudal Age
14:34 Castle Age
22:07 Horse Collar
30:51 Bloodlines
31:51 Scale Barding Armor
37:32 Chain Barding Armor
39:39 Heavy Plow
50:23 Double-Bit Axe
58:28 Murder Holes
63:54 Imperial Age
63:01 Corvinian Army
64:58 Conscription
Chdid
5:00 Loom
11:03 Feudal Age
11:40 Town Watch
16:19 Castle Age
14:43 Padded Archer Armor
14:37 Double-Bit Axe
15:18 Fletching
15:53 Padded Archer Armor
17:03 Bodkin Arrow
18:15 Pikeman
31:25 Bloodlines
32:26 Husbandry
37:17 Scale Barding Armor
37:22 Forging
37:31 Leather Archer Armor
40:42 Imperial Age
38:50 Chain Barding Armor
38:41 Forging
39:13 Ballistics
40:30 Wheelbarrow
40:21 Leather Archer Armor
40:08 Murder Holes
41:31 Bracer
51:30 Chemistry
50:07 Light Cavalry
55:25 Iron Casting
55:48 Plate Barding Armor
55:42 Stone Mining
55:42 Gold Mining
56:03 Bow Saw
57:30 Blast Furnace
57:50 Paiks
58:06 Conscription
58:48 Ring Archer Armor
58:19 Horse Collar
59:37 Heavy Plow
61:16 Elite Battle Elephant
63:19 Guilds
65:35 Two-Man Saw
65:06 Crop Rotation
Connection lost

Rejoining the realm…

Still unreachable

The connection could not be restored.

Session expired

The server has moved on; the page needs a fresh start.